 Dungeon Crawl Stone Soup version 0.24.0-13-gcf9b3192b9 (webtiles) character file.

Game seed: 11864387459622807977, levelgen mode: deterministic

5197 ANON1729 the Fighter (level 10, -4/85 HPs)
             Began as a Demonspawn Gladiator on Nov 9, 2019.
             Was a Priest of Qazlal.
             Slain by an orc warrior
             ... wielding a +0 long sword
              (17 damage)
             ... on level 9 of the Dungeon.
             The game lasted 00:19:31 (11152 turns).

ANON1729 the Fighter (Demonspawn Gladiator)        Turns: 11152, Time: 00:19:32

Health: -4/85      AC:  8    Str: 15    XL:     10   Next: 34%
Magic:  10/10      EV: 17    Int: 10    God:    Qazlal [***...]
Gold:   739        SH:  4    Dex: 17    Spells: 9/9 levels left

rFire    + + .     SeeInvis +   E - +4 quarterstaff of Evisceration {crush, rF+}
rCold    + . .     Gourm    .   (shield currently unavailable)
rNeg     . . .     Faith    .   A - +2 robe {rF+}
rPois    .         Spirit   .   (helmet restricted)
rElec    .         Reflect  .   D - +0 cloak
rCorr    .         Harm     .   o - +0 pair of gloves
MR       .....                  (no boots)
Stlth    +.........             (no amulet)
HPRegen  0.24/turn              m - ring of see invisible
MPRegen  0.12/turn              u - ring of protection from cold (curse)

@: no status effects
A: antennae 1, slimy green scales 1, foul stench 1, spiny 1, rot immunity
a: Upheaval, Elemental Force, Renounce Religion


You were on level 9 of the Dungeon.
You worshipped Qazlal.
Qazlal was most pleased with you.
You were not hungry.

You visited 1 branch of the dungeon, and saw 9 of its levels.
You also visited: Ossuary.

You collected 739 gold pieces.

Inventory:

Hand Weapons
 a - a +0 quarterstaff
 b - a +4 quarterstaff of chaos
 E - the +4 quarterstaff of Evisceration (weapon) {crush, rF+}
   (You found it on level 8 of the Dungeon)

   It inflicts extra damage upon your enemies.
   It protects you from fire.
Missiles
 c - 6 boomerangs (quivered)
 d - 2 throwing nets
 i - 7 datura-tipped darts
Armour
 o - a +0 pair of gloves (worn)
 A - a +2 robe of fire resistance (worn)
 D - a +0 cloak (worn)
Jewellery
 m - a ring of see invisible (left hand)
 u - a cursed ring of protection from cold (right hand)
 y - an uncursed ring of resist corrosion
 C - an uncursed ring of fire {unknown}
Wands
 z - a wand of polymorph (35)
 F - a wand of scattershot (2)
Scrolls
 e - 3 scrolls of fear {unknown}
 h - 9 scrolls of identify
 j - 7 scrolls of teleportation
 k - a scroll of amnesia {unknown}
 n - 6 scrolls of noise {unknown}
 r - 5 scrolls of remove curse {unknown}
 x - a scroll of blinking {unknown}
Potions
 g - 2 potions of curing
 l - a potion of heal wounds
 p - a potion of lignification
 q - a potion of invisibility {unknown}
 s - a potion of might {unknown}
 t - a potion of degeneration {unknown}
 v - a potion of brilliance {unknown}
 w - a potion of ambrosia {unknown}
 B - a potion of flight {unknown}
Comestibles
 f - 14 rations


   Skills:
 * Level 9.9 Fighting
 * Level 9.4 Staves
 - Level 2.0 Throwing
 + Level 6.9 Dodging


You had 9 spell levels left.
You didn't know any spells.
Your spell library contained the following spells:

 Spells                   Type           Power        Failure   Level  Hunger
 Sandblast                Erth           #.....       36%         1    ##.....
 Sting                    Conj/Pois      #...         36%         1    ##.....
 Passwall                 Tmut/Erth      #.......     50%         2    ###....
 Poisonous Vapours        Pois/Air       #.....       50%         2    ###....
 Mephitic Cloud           Conj/Pois/Air  #.......     75%         3    ####...
 Stone Arrow              Conj/Erth      #.....       75%         3    ####...
 Leda's Liquefaction      Hex/Erth       #.........   98%         4    #####..
 Olgreb's Toxic Radiance  Pois           #.......     98%         4    #####..
 Petrify                  Tmut/Erth      #.......     98%         4    #####..
 Bolt of Magma            Conj/Fire/Erth #.........   100%        5    ######.
 Lee's Rapid Deconstruct  Erth           #.........   100%        5    ######.
 Venom Bolt               Conj/Pois      #.........   100%        5    ######.
 Iron Shot                Conj/Erth      #.........   100%        6    #######


Dungeon Overview and Level Annotations

Branches:
Dungeon (9/15)             Temple (0/1) D:7         Ossuary (visited)
   Lair: D:8-11         Orc: D:9-12

Altars:
Ashenzari
Elyvilon
Makhleb
Qazlal
Uskayaw
Yredelemnul
The Shining One

Shops:
D:4 :   D:7 ?

Annotations:
D:2 Sigmund
D:3 2 transporters, oberejnoburuli's ghost, amateur OpEE


Innate Abilities, Weirdness & Mutations

You have a pair of small antennae on your head.
You are partially covered in slimy green scales. (AC +2)
You may emit foul miasma when damaged in melee.
You are partially covered in sharp spines.
You are immune to rotting.


Message History

The orc warrior is heavily wounded.
The orc warrior is struck by your spines.
The orc warrior barely misses you.
You hit the orc warrior but do no damage.
The orc warrior is severely wounded.
The orc warrior hits you with a +0 long sword.
* * * LOW HITPOINT WARNING * * *
A sky beast comes into view.
You closely miss the orc warrior.
The orc warrior is severely wounded.
You hear a bark!
A hound comes into view.
You block the orc warrior's attack.
Unknown command.
You hit the orc warrior but do no damage.
The orc warrior is severely wounded.
You closely miss the orc warrior.
The orc warrior is severely wounded.
The orc warrior hits you with a +0 long sword!
You die...

####+#.#
#....=.. .
#......# ..
#......# ...
#......# ....
#......##.....
#....o.°......
#@☼Y.....
####.#...


You could see an orc warrior and a sky beast.

Vanquished Creatures
  A death drake (D:7)
  2 hornets (D:8)
  A hippogriff (D:8)
  Grum (D:8)
  Duvessa (D:6)
  A sky beast (D:7)
  2 orc warriors (D:8)
  3 phantoms
  4 wolves (D:8)
  3 ogres
  2 centaurs
  4 bullfrogs
  Dowan (D:6)
  A wyvern zombie (D:7)
  2 scorpions
  4 killer bees (D:7)
  5 wights
  A water moccasin skeleton (D:7)
  6 howler monkeys
  3 crimson imps
  4 centaur zombies
  A bullfrog zombie (D:7)
  5 hounds
  A human zombie (Ossuary)
  7 orc wizards
  4 orc priests
  Crazy Yiuf (D:7)
  A bullfrog skeleton (D:4)
  A centaur skeleton (D:6)
  An iguana (D:7)
  6 worker ants
  3 big kobold zombies (Ossuary)
  A hound skeleton (D:6)
  2 mummies (Ossuary)
  9 adders
  4 gnolls (D:7)
  An adder skeleton (D:4)
  2 adder zombies
  4 worms
  3 dart slugs
  4 leopard geckos
  44 orcs
  14 bats
  6 giant cockroaches
  8 goblins
  11 hobgoblins
  9 jackals
  4 kobolds
  3 quokkas
  3 ball pythons
  9 frilled lizards
  4 gnoll zombies (Ossuary)
  3 goblin zombies (Ossuary)
  An orc zombie (Ossuary)
  A quokka skeleton (D:4)
  8 rats
241 creatures vanquished.

Notes
Turn   | Place    | Note
-------+----------+-------------------------------------------
     0 | D:1      | ANON1729 the Demonspawn Gladiator began the quest for the
                  | Orb.
     0 | D:1      | Reached XP level 1. HP: 16/16 MP: 1/1
   265 | D:1      | Gained mutation: You are partially covered in slimy green
                  | scales. (AC +2) [demonic ancestry]
   265 | D:1      | Reached XP level 2. HP: 22/22 MP: 2/2
   579 | D:1      | Gained mutation: You have a pair of small antennae on your
                  | head. [demonic ancestry]
   579 | D:1      | Reached XP level 3. HP: 19/28 MP: 3/3
   989 | D:2      | Found a glowing golden altar of the Shining One.
  1466 | D:2      | Noticed Sigmund
  1566 | D:2      | Reached XP level 4. HP: 35/35 MP: 4/4
  1964 | D:2      | Noticed an ice beast
  2131 | D:3      | Found a transporter.
  2131 | D:3      | Noticed oberejnoburuli's ghost (amateur OpEE)
  2221 | D:3      | Found a transporter.
  2391 | D:3      | Found a shattered altar of Ashenzari.
  2428 | D:3      | Gained mutation: You are immune to rotting. [demonic
                  | ancestry]
  2428 | D:3      | Reached XP level 5. HP: 27/41 MP: 5/5
  2969 | D:4      | Found Ucihoy's Book Shoppe.
  3522 | D:3      | Gained mutation: You may emit foul miasma when damaged in
                  | melee. [demonic ancestry]
  3522 | D:3      | Reached XP level 6. HP: 21/48 MP: 6/6
  4194 | D:4      | Reached skill level 5 in Fighting
  4194 | D:4      | Reached skill level 5 in Staves
  4194 | D:4      | Reached XP level 7. HP: 20/56 MP: 7/7
  4467 | D:4      | Found a burning altar of Makhleb.
  4549 | D:4      | Found a stormy altar of Qazlal.
  4713 | D:4      | Became a worshipper of Qazlal Stormbringer
  4875 | D:5      | Entered Level 5 of the Dungeon
  5210 | D:5      | Found a sand-covered staircase.
  5239 | D:5      | Reached XP level 8. HP: 6/64 MP: 8/8
  5427 | Ossuary  | Entered an ossuary
  5656 | Ossuary  | Reached * piety under Qazlal
  5821 | D:5      | Identified the Grimoire of Cankerous Earth
  6148 | D:6      | Reached skill level 5 in Dodging
  7548 | D:6      | Noticed Duvessa
  7548 | D:6      | Noticed Dowan
  7706 | D:6      | Killed Duvessa
  7715 | D:6      | Killed Dowan
  7715 | D:6      | Reached XP level 9. HP: 18/72 MP: 9/9
  8667 | D:7      | Found a white marble altar of Elyvilon.
  8669 | D:7      | Found a hide-covered altar of Uskayaw.
  8670 | D:7      | Found a basalt altar of Yredelemnul.
  8728 | D:7      | Reached ** piety under Qazlal
  9014 | D:7      | HP: 1/74 [wyvern zombie (12)]
  9363 | D:7      | Found a staircase to the Ecumenical Temple.
  9574 | D:7      | Noticed a two-headed ogre
  9575 | D:7      | Noticed a death drake
  9575 | D:7      | a two-headed ogre changed into a death drake
  9611 | D:7      | Killed a death drake
  9854 | D:7      | Found a runed translucent door.
  9854 | D:7      | Noticed Crazy Yiuf
 10086 | D:7      | Found Sagouwut's Magic Scroll Emporium.
 10542 | D:7      | Killed Crazy Yiuf
 10722 | D:8      | Gained mutation: You are partially covered in sharp spines.
                  | [demonic ancestry]
 10722 | D:8      | Reached XP level 10. HP: 62/83 MP: 10/10
 10739 | D:8      | Got a polished quarterstaff
 10740 | D:8      | Identified the +4 quarterstaff of Evisceration {crush, rF+}
                  | (You found it on level 8 of the Dungeon)
 10991 | D:8      | Noticed Grum
 11010 | D:8      | Killed Grum
 11010 | D:8      | Reached *** piety under Qazlal
 11152 | D:9      | Slain by an orc warrior

Levels and vault maps discovered:
D:1:      ncdulo_wetmaze, layout_basic
D:2:      layout_basic, tso_metal_star, first_ration, serial_glass,
          glass_columns_a, glass_columns_a, glass_columns_b, glass_columns_b,
          glass_columns_b, glass_columns_a, uniq_sigmund
D:3:      layout_basic, evilmike_ruin_ashenzari, gammafunk_ghost_mausoleum,
          minmay_stone_trees_medium
D:4:      layout_basic, kennysheep_mini_moat, serial_shops, nicolae_shop_trees,
          bloody_makhleb
D:5:      layout_layer_cave, nicolae_ossuary_entry_plus
D:6:      layout_loops_ring, uniq_duvessa
D:7:      layout_basic, gammafunk_temple_overflow_forgotten, temple_doors_e,
          serial_shops, shop, uniq_crazy_yiuf_cottage
D:8:      layout_basic, special_room [special_room_orc], uniq_grum
D:9:      layout_basic, overflow_temple_1_default

Skill      XL: |  1  2  3  4  5  6  7  8  9 10 |
---------------+-------------------------------+-----
Throwing       | 2 |  2.0
Staves         | 3 4 5 7 8 9 |  9.4
Dodging        | 3 4 5 6 |  6.9
Fighting       | 3 4 5 6 7 9 |  9.9

Action                   |  1- 3 |  4- 6 |  7- 9 | 10-12 || total
-------------------------+-------+-------+-------+-------++-------
Melee: Quarterstaff      |   168 |   203 |   584 |    63 ||  1018
       Unarmed           |       |       |     3 |       ||     3
Throw: Throwing net      |       |       |     1 |       ||     1
       Boomerang         |       |       |     9 |       ||     9
Evoke: Wand              |       |       |     1 |       ||     1
  Use: Potion            |       |     1 |     5 |       ||     6
       Scroll            |       |       |     2 |       ||     2
 Stab: Sleeping          |     1 |     1 |     1 |       ||     3
  Eat: Chunk             |     2 |     9 |    17 |     2 ||    30
       Ration            |       |       |     1 |       ||     1
Armor: Leather armour    |   105 |    42 |    64 |       ||   211
       Skin              |       |       |   192 |       ||   192
       Robe              |       |       |    53 |    15 ||    68
Dodge: Dodged            |   189 |   140 |   395 |    48 ||   772
Block: Other             |       |       |    21 |    10 ||    31
